 Dungeon Crawl Stone Soup version 0.30.1-4-g462c640d31 (webtiles) character file.

Game seed: 2659321606783699974

1675729 LordWeiramon the Shatterer (level 27, 226/226 HPs)
             Began as a Gnoll Monk on Sept 9, 2023.
             Was the Champion of Cheibriados.
             Escaped with the Orb
             ... and 3 runes on Sept 10, 2023!
             The game lasted 06:02:34 (71064 turns).

LordWeiramon the Shatterer (Gnoll Monk)            Turns: 71064, Time: 06:02:35

Health: 226/226    AC: 48    Str: 36    XL:     27
Magic:  60/60      EV: 31    Int: 27    God:    Cheibriados [******]
Gold:   1405       SH: 24    Dex: 32    Spells: 26/65 levels left

rFire   + . .        a - +9 broad axe (heavy)
rCold   + + .        b - +5 kite shield {AC+3}
rNeg    + . .        O - +10 storm dragon scales
rPois   +            j - +1 helmet of Xuts {rPois rC+ Will+}
rElec   +            X - +2 cloak
rCorr   +            h - +3 pair of gauntlets of War {Slay+5}
SInv    +            r - +3 pair of mountain boots {steadfast, rC+}
Will    +++++        q - amulet of Oxzoth {Acrobat Will++ rCorr Dex-5 SInv}
Stlth   ++           P - ring "Jyust" {rElec rN+ Int+3 Stlth-}
HPRegen 0.57/turn    v - ring "Offoipo" {rF+ MP+9 Dex+3 Stlth+}
MPRegen 0.37/turn

%: acrobat
@: studying Maces & Flails, very slow
A: fangs 1, strong nose, distributed training, hooves 1, high MP 1, wild magic
1, inability to read after injury 1
0: Orb of Zot
}: 3/15 runes: serpentine, barnacled, silver
a: Renounce Religion, Bend Time, Temporal Distortion, Slouch, Step From Time


You escaped.
You worshipped Cheibriados.
Cheibriados was exalted by your worship.
You visited 10 branches of the dungeon, and saw 50 of its levels.
You visited 1 bazaar.
You also visited: Sewer and Bailey.

You collected 11213 gold pieces.
You spent 9808 gold pieces at shops.

Inventory:

Hand Weapons
 a - a +9 heavy broad axe (weapon)
Missiles
 c - 12 silver javelins
 y - 10 silver boomerangs (quivered)
 I - 11 throwing nets
 J - 21 javelins
 U - 62 boomerangs
Armour
 b - a +5 kite shield of protection (worn)
 h - the +3 pair of gauntlets of War (worn) {Slay+5}
   (You bought it in a shop on level 2 of the Vaults)

   Slay:      It affects your accuracy & damage with ranged weapons and melee
   (+5).
 j - the +1 helmet of Xuts (worn) {rPois rC+ Will+}
   (You found it on level 1 of the Shoals)

   rC:        It protects you from cold.
   rPois:     It protects you from poison.
   Will:      It increases your willpower.
 r - the +3 pair of mountain boots (worn) {steadfast, rC+}
   (You found it on level 3 of the Elven Halls)

   Steadfast: It prevents involuntary movement, except for blinking,
   teleportation, or banishment.
   rC:        It protects you from cold.
 w - a +1 cloak of preservation
 O - +10 storm dragon scales (worn)
 S - +6 gold dragon scales
 X - a +2 cloak (worn)
Jewellery
 g - the ring "Urriariph" {Wiz rF+ Dex+2}
   (You found it on level 4 of the Shoals)

   [ring of wizardry]

   It improves your spell success rate.
   Dex:       It affects your dexterity (+2).
   rF:        It protects you from fire.
 m - the ring of Efait Sae {Ice Fly Int+3 Dex+3}
   (You found it on level 2 of the Dungeon)

   [ring of ice]

   It enhances your ice magic.
   Int:       It affects your intelligence (+3).
   Dex:       It affects your dexterity (+3).
   rF:        It makes you vulnerable to fire.
   rC:        It protects you from cold.
   Fly:       It grants you flight.
 q - the amulet of Oxzoth (around neck) {Acrobat Will++ rCorr Dex-5 SInv}
   (You found it on level 3 of the Elven Halls)

   [amulet of the acrobat]

   It increases your evasion while moving and waiting.
   Dex:       It affects your dexterity (-5).
   SInv:      It lets you see invisible.
   rCorr:     It protects you from acid and corrosion.
   Will:      It greatly increases your willpower.
 s - the ring "Hafierch" {rPois rC+ Str+4 Int-4 Dex+3}
   (You bought it in a shop in a bazaar)

   [ring of protection from cold]

   Str:       It affects your strength (+4).
   Int:       It affects your intelligence (-4).
   Dex:       It affects your dexterity (+3).
   rC:        It protects you from cold.
   rPois:     It protects you from poison.
 v - the ring "Offoipo" (right hand) {rF+ MP+9 Dex+3 Stlth+}
   (You bought it in a shop in a bazaar)

   [ring of magical power]

   Dex:       It affects your dexterity (+3).
   rF:        It protects you from fire.
   MP:        It affects your magic capacity (+9).
   Stlth:     It makes you more stealthy.
 P - the ring "Jyust" (left hand) {rElec rN+ Int+3 Stlth-}
   (You found it on level 3 of the Crypt)

   [ring of positive energy]

   Int:       It affects your intelligence (+3).
   rElec:     It insulates you from electricity.
   rN:        It protects you from negative energy.
   Stlth:     It makes you less stealthy.
 Z - the ring of Odghued {rN+ SInv}
   (You found it on level 3 of the Crypt)

   [ring of positive energy]

   rN:        It protects you from negative energy.
   SInv:      It lets you see invisible.
Wands
 n - a wand of quicksilver (41)
 C - a wand of flame (171)
 D - a wand of mindburst (47)
 F - a wand of paralysis (16)
 H - a wand of digging (30)
 Y - a wand of roots (43)
Scrolls
 f - 5 scrolls of fog
 i - 30 scrolls of teleportation
 p - 3 scrolls of brand weapon
 t - 8 scrolls of blinking
 x - 4 scrolls of enchant weapon
 B - 12 scrolls of magic mapping
 E - 5 scrolls of silence
 G - 7 scrolls of fear
 M - 12 scrolls of poison
 R - 3 scrolls of butterflies
Potions
 k - 26 potions of curing
 o - 14 potions of ambrosia
 u - 22 potions of heal wounds
 z - 6 potions of resistance
 A - 7 potions of magic
 N - 9 potions of cancellation
 Q - 6 potions of might
 T - a potion of berserk rage
 W - 7 potions of flight
Miscellaneous
 d - a lightning rod (4/4)
 l - a box of beasts
 K - a phantom mirror
 L - a phial of floods
 V - a condenser vane


   Skills:
 + Level 20.5 Fighting
 + Level 20.5 Short Blades
 + Level 19.7 Long Blades
 + Level 19.7 Axes
 + Level 22.0 Maces & Flails
 + Level 19.7 Polearms
 + Level 19.7 Staves
 + Level 19.7 Ranged Weapons
 + Level 19.7 Throwing
 + Level 19.7 Armour
 + Level 20.5 Dodging
 + Level 19.7 Stealth
 + Level 19.7 Shields
 + Level 19.7 Unarmed Combat
 + Level 19.7 Spellcasting
 + Level 16.8 Conjurations
 + Level 16.8 Hexes
 + Level 16.8 Summonings
 + Level 16.8 Necromancy
 + Level 16.8 Translocations
 + Level 16.8 Transmutations
 + Level 16.8 Fire Magic
 + Level 16.8 Ice Magic
 + Level 16.8 Air Magic
 + Level 16.8 Earth Magic
 + Level 16.8 Poison Magic
 + Level 21.2 Invocations
 + Level 19.7 Evocations


You had 26 spell levels left.
You knew the following spells:

 Your Spells              Type           Power      Damage    Failure   Level
a - Stone Arrow           Conj/Erth      100%       3d13      1%          3
b - Lee's Rapid Deconstr  Erth           50%        3d24*     1%          5
c - Mephitic Cloud        Conj/Pois/Air  100%       N/A       1%          3
d - Freezing Cloud        Conj/Ice/Air   50%        6-21      1%          5
e - Fireball              Conj/Fire      50%        3d20      1%          5
f - Plasma Beam           Fire/Air       50%        2x1d71    1%          6
g - Apportation           Tloc           100%       N/A       1%          1
h - Dispel Undead         Necr           100%       3d31      1%          4
i - Blink                 Tloc           100%       N/A       1%          2
s - Silence               Hex/Air        50%        N/A       1%          5

Your spell library contained the following spells:

 Spells                   Type           Power      Damage    Failure   Level
 Beastly Appendage        Tmut           100%       N/A       1%          1
 Foxfire                  Conj/Fire      100%       2x1d9     1%          1
 Freeze                   Ice            100%       1d10      1%          1
 Kiss of Death            Conj/Necr      100%       2d13      1%          1
 Necrotise                Necr           100%       1d9       1%          1
 Sandblast                Erth           100%       2d20      1%          1
 Shock                    Conj/Air       100%       1d9       1%          1
 Slow                     Hex            100%       N/A       1%          1
 Summon Small Mammal      Summ           100%       N/A       1%          1
 Lesser Beckoning         Tloc           100%       N/A       1%          2
 Momentum Strike          Conj/Tloc      100%       3d10      1%          2
 Passwall                 Tmut/Erth      84%        N/A       1%          2
 Poisonous Vapours        Pois/Air       100%       N/A       1%          2
 Sublimation of Blood     Necr           100%       N/A       1%          2
 Wereblood                Tmut           100%       N/A       1%          2
 Call Canine Familiar     Summ           100%       N/A       1%          3
 Confusing Touch          Hex            100%       N/A       1%          3
 Dazzling Flash           Conj/Hex       100%       N/A       1%          3
 Frozen Ramparts          Ice            100%       1d16      1%          3
 Gell's Gravitas          Tloc           100%       N/A       1%          3
 Hailstorm                Conj/Ice       100%       3d20      1%          3
 Ignite Poison            Fire/Tmut/Pois 100%       N/A       1%          3
 Inner Flame              Hex/Fire       100%       N/A       1%          3
 Ozocubu's Armour         Ice            100%       N/A       1%          3
 Portal Projectile        Hex/Tloc       100%       N/A       1%          3
 Spider Form              Tmut/Pois      100%       N/A       1%          3
 Swiftness                Air            100%       N/A       1%          3
 Teleport Other           Tloc           100%       N/A       1%          3
 Tukima's Dance           Hex            100%       N/A       1%          3
 Vampiric Draining        Necr           100%       2d13      1%          3
 Vhi's Electric Charge    Tloc/Air       100%       N/A       1%          3
 Volatile Blastmotes      Fire/Tloc      100%       2d18      1%          3
 Airstrike                Air            50%        2d(8-24)  1%          4
 Animate Armour           Summ/Erth      100%       N/A       1%          4
 Animate Dead             Necr           100%       N/A       1%          4
 Cause Fear               Hex            50%        N/A       1%          4
 Flame Wave               Conj/Fire      100%       2d21      1%          4
 Ice Form                 Ice/Tmut       100%       N/A       1%          4
 Iskenderun's Mystic Bla  Conj/Tloc      100%       2d19      1%          4
 Leda's Liquefaction      Hex/Erth       50%        N/A       1%          4
 Passage of Golubria      Tloc           100%       N/A       1%          4
 Petrify                  Tmut/Erth      100%       N/A       1%          4
 Sticky Flame             Conj/Fire      100%       2d11      1%          4
 Summon Ice Beast         Ice/Summ       100%       N/A       1%          4
 Agony                    Necr           100%       N/A       1%          5
 Alistair's Intoxication  Tmut/Pois      67%        N/A       1%          5
 Arcjolt                  Conj/Air       50%        1d60      1%          5
 Blade Hands              Tmut           50%        N/A       1%          5
 Borgnjor's Vile Clutch   Necr/Erth      50%        N/A       1%          5
 Iskenderun's Battlesphe  Conj           100%       2d15      1%          5
 Summon Forest            Summ/Tloc      50%        N/A       1%          5
 Summon Mana Viper        Hex/Summ       100%       N/A       1%          5
 Yara's Violent Unravell  Hex/Tmut       50%        3d19      1%          5
 Conjure Ball Lightning   Conj/Air       50%        3x3d17    1%          6
 Death Channel            Necr           50%        N/A       1%          6
 Dispersal                Tloc           50%        N/A       1%          6
 Eringya's Noxious Bog    Tmut/Pois      50%        N/A       1%          6
 Iron Shot                Conj/Erth      50%        9d10      1%          6
 Simulacrum               Ice/Necr       50%        N/A       1%          6
 Starburst                Conj/Fire      50%        6d14      1%          6
 Statue Form              Tmut/Erth      67%        N/A       1%          6
 Dragon Form              Tmut           50%        N/A       6%          7
 Malign Gateway           Summ/Tloc      50%        N/A       6%          7
 Monstrous Menagerie      Summ           50%        N/A       6%          7
 Orb of Destruction       Conj           50%        9d13      6%          7
 Ozocubu's Refrigeration  Ice            50%        4d18      6%          7
 Borgnjor's Revivificati  Necr           50%        N/A       36%         8
 Ignition                 Fire           50%        3d14      36%         8
 Lehudib's Crystal Spear  Conj/Erth      50%        10d12     36%         8
 Summon Horrible Things   Summ           50%        N/A       36%         8
 Chain Lightning          Conj/Air       50%        3d67      99%         9
 Dragon's Call            Summ           50%        N/A       99%         9
 Fire Storm               Conj/Fire      50%        8d13      99%         9
 Shatter                  Erth           50%        3d38*     99%         9


Dungeon Overview and Level Annotations

Branches:
Dungeon (15/15)            Temple (0/1) D:7            Lair (5/5) D:10
 Shoals (4/4) Lair:3        Snake (4/4) Lair:2        Slime (0/5) Lair:5
    Orc (2/2) D:11            Elf (3/3) Orc:2        Vaults (5/5) D:13
  Crypt (3/3) Vaults:2       Tomb (0/3) Crypt:3      Depths (4/4) D:15
    Zot (5/5) Depths:4      Sewer (visited)          Bailey (visited)

Altars:
Cheibriados
Dithmenos
Elyvilon
Gozag
Hepliaklqana
Kikubaaqudgha
Makhleb
Nemelex Xobeh
Trog
Yredelemnul
Jiyva

Shops:
D:5 (   D:12 *   Orc:2 *[(*=   Elf:3 !   Shoals:4 [   Snake:1 ?   Snake:2 :=:
Vaults:2 [   Vaults:4 *   Depths:2 !   Depths:4 ?

Portals:
Hell: Depths:1 Depths:2 Depths:3 Depths:4
Abyss: Depths:1 Depths:3
Pandemonium: Depths:2 Depths:4
Ziggurat: Depths:4

Annotations:
Depths:1 2 transporters, Ishowmeat's ghost, journeyman MiGl


Innate Abilities, Weirdness & Mutations

You have very sharp teeth.
Your uncanny sense of smell can sniff out nearby items.
Your experience applies equally to all skills.
You have large cloven feet.
You have an increased reservoir of magic. (+10% MP)
Your spells are a little harder to cast, but a little more powerful.
You occasionally lose the ability to read scrolls when taking damage.


Message History

You closely miss the chaos spawn. You block the chaos spawn's attack.
You open the chaos spawn like a pillowcase!!!
You kill the chaos spawn!
Cheibriados appreciates the change of pace.
The chaos spawn degenerates into a cloud of primal chaos!
(D) Dungeon (T) Temple (L) Lair (A) Shoals (P) Snake Pit (M) Slime Pits (O) Orcish Mines (E) Elven Halls (V) Vaults (C) Crypt (W) Tomb (U) Depths (H) Hell (Z) Zot
Where to? (Enter - D:1, ? - help)
There is a bloodstained altar of Trog here.
Things that are here:
a +0 dagger; a +0 animal skin
There is a stone staircase leading up here.
You climb upwards.
There is a stone staircase leading down here.
There is a stone staircase leading up here.
You climb upwards.
There is a stone staircase leading down here.
There is a stone staircase leading up here.
You climb upwards.
There is a stone staircase leading down here.
A sixfirhy comes into view.
You block the sixfirhy's attack. x2; The sixfirhy completely misses you.
You see here a +0 dagger.
You slash the sixfirhy! You bite the sixfirhy.
The sixfirhy is heavily wounded.
You hit the sixfirhy but do no damage.
The sixfirhy is heavily wounded.
You block the sixfirhy's attack. x2
You open the sixfirhy like a pillowcase!!!
You kill the sixfirhy!
Cheibriados thoroughly appreciates the change of pace.
(D) Dungeon (T) Temple (L) Lair (A) Shoals (P) Snake Pit (M) Slime Pits (O) Orcish Mines (E) Elven Halls (V) Vaults (C) Crypt (W) Tomb (U) Depths (H) Hell (Z) Zot
Where to? (Enter - D:1 @ (x,y), ? - help)
There is a staircase leading out of the dungeon here.
You have escaped!

####'####..###...####...#......#
#.# #..#PP.P.....#........##
####.# ###♣...P♣.........###.#
..##.# ##....♣........#..# #.#
..##.# #....P.....♣.P....# #.#
..##.# #.♣♣♣..P.P...♣....# #.#
...#.# #....P.....P..♣...###.#
##.#.# ##P.............P..#.#.###
##.#.###..♣♣P...@...P.......#.##.
##.#.................P...##.#.##.
##.#..###♣♣..P.....P..P.....#..#.
##.#..###......P.P..P..♣.......#.
##......#♣.PP.......P............
..........♣..♣PP♣..............##
......#.#.#P.......P....#.......#
.....##.#.##.......♣...##...#...#
.##.......##........#.#######..#.


There were no monsters in sight!

Vanquished Creatures
  A pandemonium lord (Zot:1)
  4 ancient liches
  4 dread liches
  6 orbs of fire (Zot:5)
  Sojobo (Crypt:2)
  5 Killer Klowns
  Boris (Vaults:4)
  Parghit (Zot:3)
  3 curse toes
  9 caustic shrikes
  Margery (Depths:3)
  4 golden dragons
  Jory (Vaults:3)
  A profane servitor (D:15)
  2 bone dragons
  Nikola (Vaults:3)
  3 electric golems
  A Brimstone Fiend (D:6)
  Zenata (Vaults:2)
  A shard shrike skeleton (Crypt:3)
  Jorgrun (Shoals:1)
  16 tentacled monstrosities
  Mlioglotl (Shoals:1)
  An Ice Fiend (Zot:1)
  28 Orb Guardians
  5 liches
  The ghost of fearitself the Executioner, an adept MiBe of Trog (Shoals:1)
  Polyphemus (Shoals:2)
  3 quicksilver dragons
  5 deep elf master archers
  5 titans
  4 deep elf blademasters (Elf:3)
  2 krakens
  5 sphinxes
  8 death cobs
  8 ancient champions
  9 shadow dragons
  Gastronok (D:8)
  Agnes (Elf:1)
  Donald (Vaults:1)
  14 storm dragons
  Roxanne (D:14)
  2 revenants
  5 draconian monks
  13 tengu reavers
  3 draconian knights
  18 nagarajas (Snake:4)
  2 iron dragons
  9 deep elf sorcerers
  5 fire giants
  Aizul (Snake:1)
  An angel (D:6)
  7 frost giants
  4 draconian scorchers
  3 ghost moths
  20 vault wardens
  3 draconian shifters
  A cacodemon (Zot:4)
  4 curse skulls
  10 very ugly things
  4 draconian stormcallers
  A juggernaut zombie (Crypt:1)
  4 deep elf elementalists (Elf:3)
  7 draconian annihilators
  4 orc warlords
  4 ghouls
  3 war gargoyles (Vaults:5)
  4 caustic shrike skeletons (Crypt:3)
  The ghost of gummiwulf the Severer, a journeyman HOBe of Trog (Vaults:1)
  2 spriggan defenders (Depths:2)
  14 stone giants
  22 ironbound preservers
  9 ironbound thunderhulks
  4 deep elf demonologists
  18 green draconians
  8 deep elf annihilators
  16 black draconians
  3 dire elephants
  10 red draconians
  A lorocyproca (Zot:1)
  13 purple draconians
  8 vampire knights
  A spark wasp (Depths:4)
  14 yellow draconians
  12 white draconians
  10 eidola
  12 deep elf death magi
  The ghost of middlethird the Carver, a journeyman FoNe of Cheibriados (D:12)
  A green death (Depths:4)
  5 merfolk javelineers
  8 deep elf high priests
  5 jiangshi
  10 ettins
  9 great orbs of eyes
  Josephine (D:15)
  6 merfolk impalers (Shoals:4)
  7 fire dragons
  2 rakshasas
  2 entropy weavers
  29 vault guards
  2 salamander tyrants (Snake:4)
  11 yaktaur captains
  Fannar (D:12)
  A merfolk avatar (Shoals:2)
  3 catoblepae
  3 spriggan air magi
  8 hydras
  The ghost of Xaytacwe the Reanimator, a journeyman GnNe of Cheibriados (Lair:1)
  5 ogre magi
  8 ice dragons
  A radroach (shapeshifter) (Vaults:5)
  Erica (D:8)
  3 satyrs
  An anaconda (shapeshifter) (Depths:2)
  The ghost of WaxSun the Severer, a journeyman FoCK of Xom (D:11)
  A boulder beetle (shapeshifter) (D:11)
  20 centaur warriors
  16 two-headed ogres
  A peacekeeper (Vaults:2)
  An alligator snapping turtle (Shoals:3)
  10 ironbound frosthearts
  7 death yaks
  4 death knights
  4 deep troll earth magi
  8 merfolk aquamancers
  2 tengu warriors
  14 anacondas
  6 boulder beetles
  6 deep troll shamans
  2 orc high priests
  12 naga warriors
  5 vampire magi
  A titan zombie (Crypt:1)
  28 dancing weapons
  5 shock serpents
  16 naga sharpshooters
  2 spriggan berserkers (Depths:4)
  A storm dragon zombie (Crypt:1)
  12 spriggans
  Urug (D:12)
  5 soul eaters
  The ghost of Xrynn the Unseen, a journeyman SpEn of Okawaru (D:12)
  18 hell knights
  Sonja (D:11)
  3 titan skeletons (Crypt:3)
  A sixfirhy (D:1)
  A fire crab (shapeshifter) (D:13)
  11 deep elf knights
  A skyshark (shapeshifter) (D:15)
  2 skysharks
  6 iron trolls
  42 skeletal warriors
  A bunyip zombie (Crypt:1)
  A sea snake (shapeshifter) (Depths:1)
  8 shadow wraiths
  13 sea snakes
  3 salamander mystics
  2 glowing orange brains
  A glowing orange brain (shapeshifter) (Depths:2)
  An orb spider (shapeshifter) (Depths:2)
  The ghost of croobank the Ducker, a novice OpTm of Gozag (D:7)
  67 deep trolls
  10 deep elf archers
  2 flayed ghosts
  An anaconda zombie (Crypt:1)
  2 bog bodies (Crypt:3)
  2 anaconda skeletons (Crypt:3)
  9 naga ritualists
  11 wizards
  6 lindwurms
  9 orc knights
  2 golden dragon skeletons (Crypt:3)
  An obsidian statue (Vaults:4)
  16 ironbound convokers
  Pikel (D:6)
  22 phantasmal warriors
  3 bunyip skeletons (Crypt:3)
  27 harpies
  8 necromancers
  26 deep elf pyromancers
  19 deep elf zephyrmancers
  2 sphinx zombies
  40 ugly things
  5 orc sorcerers
  27 fauns
  A tengu skeleton (Crypt:1)
  9 mana vipers
  12 large abominations
  15 manticores
  A stone giant skeleton (Vaults:2)
  An oklob plant (Orc:1)
  3 iron dragon skeletons
  17 moths of wrath
  13 salamanders
  13 cyclopes
  5 elephants (Lair:4)
  2 frost giant skeletons
  11 naga magi
  2 rust devils
  6 merfolk sirens
  11 water nymphs
  A dire elephant zombie (Crypt:1)
  2 centaur zombies (D:11)
  27 vault sentinels
  An orange demon (Zot:4)
  51 black mambas
  A torpor snail (Lair:2)
  3 smoke demons
  9 gargoyles
  A molten gargoyle (D:15)
  4 guardian serpents
  3 naga skeletons
  A minotaur zombie (Crypt:1)
  12 cane toads
  2 unseen horrors
  A dire elephant skeleton (Crypt:3)
  An unseen horror (shapeshifter) (D:13)
  2 rime drakes
  9 komodo dragons
  A pale draconian zombie (Crypt:3)
  An efreet (D:14)
  3 kobold demonologists (D:11)
  A yaktaur (shapeshifter) (D:11)
  2 tengu conjurers
  2 ice devils (Depths:4)
  4 freezing wraiths
  26 yaktaurs
  A yaktaur skeleton (Vaults:2)
  A tormentor (D:9)
  A black draconian skeleton (Crypt:3)
  2 catoblepas skeletons (Crypt:3)
  32 merfolk
  A hellwing (Depths:4)
  A meliai (D:11)
  A polar bear (shapeshifter) (D:13)
  5 wind drakes
  10 trolls
  Grinder (D:6)
  5 hornets
  7 polar bears
  A queen bee (Lair:3)
  A merfolk (shapeshifter) (Depths:4)
  Prince Ribbit (Lair:1)
  A mana viper skeleton (Crypt:1)
  A tarantella (shapeshifter) (D:13)
  A jumping spider zombie (Crypt:2)
  15 dream sheep
  11 blink frogs
  33 slime creatures
  An ice dragon zombie (Crypt:1)
  An ettin skeleton (Vaults:2)
  6 snapping turtles
  5 flying skulls (Crypt:1)
  An ice dragon skeleton (Crypt:1)
  A ynoxinul (Depths:4)
  7 shadows
  3 air elementals
  Eustachio (D:5)
  5 fire elementals
  15 water elementals
  19 wraiths
  Grum (Lair:1)
  4 wyverns
  3 basilisks
  A satyr skeleton (Crypt:1)
  2 vampires (D:11)
  4 steam dragons
  49 yaks
  4 chaos spawn
  20 vampire mosquitoes
  A neqoxec (Depths:4)
  2 black mamba skeletons
  27 nagas
  3 wargs
  A merfolk zombie (Crypt:2)
  A swamp worm (shapeshifter) (Vaults:4)
  3 acid dragons
  A two-headed ogre skeleton (Crypt:1)
  23 water moccasins
  Duvessa (D:6)
  A glowing shapeshifter skeleton (Vaults:2)
  A floating eye (Depths:1)
  44 orc warriors
  7 black bears
  3 ice beasts
  A sky beast (D:7)
  10 ogres
  4 boggarts
  4 small abominations (Depths:3)
  48 wolves
  4 human skeletons (Vaults:2)
  10 centaurs
  4 lemures
  A komodo dragon zombie (Crypt:2)
  Blork the orc (D:5)
  3 elf zombies (Elf:1)
  5 kobold brigands
  12 bullfrogs
  A bullfrog (shapeshifter) (Vaults:5)
  A necrophage (Crypt:1)
  2 earth elementals
  A scorpion (shapeshifter) (Vaults:5)
  2 scorpions
  19 wights
  Dowan (D:6)
  A raiju zombie (Crypt:2)
  46 killer bees
  9 jellies
  7 howler monkeys
  A human zombie (Crypt:2)
  17 orc priests
  A gnoll bouda (D:8)
  5 hounds
  2 iguanas
  2 black bear skeletons
  3 sleepcaps
  Ijyb (D:5)
  A boggart zombie (Crypt:3)
  23 orc wizards
  A killer bee simulacrum (D:8)
  9 adders
  8 gnolls
  A steam dragon zombie (Crypt:3)
  6 river rats
  A white imp (D:5)
  A worm zombie (Crypt:1)
  An iguana skeleton (Crypt:1)
  A worm (D:3)
  A dart slug (D:5)
  66 orcs
  6 ball pythons
  7 bats
  7 endoplasms
  3 giant cockroaches
  7 goblins
  5 hobgoblins
  4 quokkas
  6 training dummies
  7 frilled lizards
  A frilled lizard zombie (Crypt:2)
  A goblin skeleton (Crypt:1)
  40 kobolds
  2 orc zombies (Crypt:3)
  9 rats
  A river rat skeleton (Crypt:2)
  4 tentacles
2411 creatures vanquished.

Vanquished Creatures (collateral kills)
  The ghost of Xafer the Impaler, an adept DsGl of Okawaru (Vaults:4)
  A vault sentinel (Vaults:4)
2 creatures vanquished.

Vanquished Creatures (others)
  A draconian shifter (Zot:5)
  A draconian annihilator (Zot:1)
  A red draconian (Zot:5)
  A merfolk (Shoals:4)
  2 orc warriors (Vaults:5)
  A human (D:6)
  An ogre (Vaults:5)
  An elf zombie (Elf:1)
  An orc (Vaults:5)
  A quokka (D:6)
  5 tentacles
16 creatures vanquished.

Grand Total: 2429 creatures vanquished

Notes
Turn   | Place    | Note
-------+----------+-------------------------------------------
     0 | D:1      | LordWeiramon the Gnoll Monk began the quest for the Orb.
     0 | D:1      | Reached XP level 1. HP: 23/23 MP: 1/1
   505 | D:1      | Reached XP level 2. HP: 29/29 MP: 2/2
   979 | D:2      | Identified the +3 dagger "Lup Alog" {holy, Will++ Str-2}
  1137 | D:2      | Reached XP level 3. HP: 35/35 MP: 2/4
  1207 | D:2      | Reached skill level 1 in Invocations
  1233 | D:2      | Reached skill level 1 in Long Blades
  1233 | D:2      | Reached skill level 1 in Axes
  1233 | D:2      | Reached skill level 1 in Maces & Flails
  1233 | D:2      | Reached skill level 1 in Polearms
  1233 | D:2      | Reached skill level 1 in Staves
  1233 | D:2      | Reached skill level 1 in Ranged Weapons
  1233 | D:2      | Reached skill level 1 in Throwing
  1233 | D:2      | Reached skill level 1 in Armour
  1233 | D:2      | Reached skill level 1 in Stealth
  1233 | D:2      | Reached skill level 1 in Shields
  1233 | D:2      | Reached skill level 1 in Unarmed Combat
  1233 | D:2      | Reached skill level 1 in Spellcasting
  1233 | D:2      | Reached skill level 1 in Evocations
  1359 | D:2      | Identified the ring of Efait Sae {Ice Fly Int+3 Dex+3}
  1387 | D:2      | Reached XP level 4. HP: 33/41 MP: 5/5
  1674 | D:2      | Reached skill level 1 in Conjurations
  1674 | D:2      | Reached skill level 1 in Hexes
  1674 | D:2      | Reached skill level 1 in Summonings
  1674 | D:2      | Reached skill level 1 in Necromancy
  1674 | D:2      | Reached skill level 1 in Translocations
  1674 | D:2      | Reached skill level 1 in Transmutations
  1674 | D:2      | Reached skill level 1 in Fire Magic
  1674 | D:2      | Reached skill level 1 in Ice Magic
  1674 | D:2      | Reached skill level 1 in Air Magic
  1674 | D:2      | Reached skill level 1 in Earth Magic
  1674 | D:2      | Reached skill level 1 in Poison Magic
  2310 | D:3      | Found a faded altar of an unknown god.
  2595 | D:3      | Found a burning altar of Makhleb.
  2595 | D:3      | Noticed a cacodemon
  2599 | D:3      | Noticed a ynoxinul
  2599 | D:3      | Noticed an orange demon
  2857 | D:4      | Reached XP level 5. HP: 47/47 MP: 5/7
  2943 | D:4      | Found a glowing drain.
  2955 | Sewer    | Entered a sewer
  3360 | Sewer    | Reached XP level 6. HP: 53/53 MP: 8/8
  3606 | D:4      | Found a bloodstained altar of Trog.
  3904 | D:4      | Reached skill level 2 in Maces & Flails
  4491 | D:5      | Entered Level 5 of the Dungeon
  4611 | D:5      | Noticed a black bear
  4663 | D:5      | Learned a level 3 spell: Stone Arrow
  4703 | D:5      | Noticed Ijyb
  4728 | D:5      | Killed Ijyb
  4772 | D:5      | Found Leodgh's Firing Range.
  4775 | D:5      | Bought a throwing net for 33 gold pieces
  4775 | D:5      | Bought a throwing net for 33 gold pieces
  4802 | D:5      | Noticed Eustachio
  4832 | D:5      | Reached XP level 7. HP: 52/60 MP: 10/10
  4871 | D:5      | Found a snail-covered altar of Cheibriados.
  4874 | D:5      | Became a worshipper of Cheibriados the Contemplative
  4874 | D:5      | Reached * piety under Cheibriados
  4874 | D:5      | Reached ** piety under Cheibriados
  5009 | D:5      | Noticed Blork the orc
  5021 | D:5      | Killed Blork the orc
  5111 | D:5      | Found a hazy altar of Hepliaklqana.
  5433 | D:5      | Found a basalt altar of Yredelemnul.
  5548 | D:5      | Killed Eustachio
  5763 | D:6      | Noticed Grinder
  5769 | D:6      | Killed Grinder
  5770 | D:6      | Reached skill level 3 in Maces & Flails
  5770 | D:6      | Reached XP level 8. HP: 67/67 MP: 12/12
  5778 | D:6      | Noticed Pikel
  6019 | D:6      | Killed Pikel
  6095 | D:6      | Noticed a gargoyle
  6116 | D:6      | Killed a gargoyle
  6117 | D:6      | Reached skill level 4 in Maces & Flails
  6117 | D:6      | Reached XP level 9. HP: 74/74 MP: 15/15
  6476 | D:6      | Found an ancient bone altar of Kikubaaqudgha.
  6668 | D:6      | Found a white marble altar of Elyvilon.
  6717 | D:6      | Noticed Dowan
  6718 | D:6      | Noticed Duvessa
  6739 | D:6      | Killed Duvessa
  6742 | D:6      | Killed Dowan
  6843 | D:6      | Found Niemempusti's Magic Scroll Boutique.
  6851 | D:6      | Bought a scroll of enchant weapon for 90 gold pieces
  6851 | D:6      | Bought a scroll of butterflies for 48 gold pieces
  6851 | D:6      | Bought 2 scrolls of identify for 48 gold pieces
  6851 | D:6      | Bought a scroll of identify for 24 gold pieces
  6995 | D:7      | Found a transporter.
  7075 | D:7      | Reached *** piety under Cheibriados
  7078 | D:7      | Reached skill level 5 in Invocations
  7218 | D:7      | Noticed croobank's ghost (novice OpTm)
  7383 | D:7      | Found a transporter.
  7713 | D:7      | Reached skill level 5 in Long Blades
  7713 | D:7      | Reached skill level 5 in Axes
  7713 | D:7      | Reached skill level 5 in Maces & Flails
  7713 | D:7      | Reached skill level 5 in Polearms
  7713 | D:7      | Reached skill level 5 in Staves
  7713 | D:7      | Reached skill level 5 in Ranged Weapons
  7713 | D:7      | Reached skill level 5 in Throwing
  7713 | D:7      | Reached skill level 5 in Armour
  7713 | D:7      | Reached skill level 5 in Stealth
  7713 | D:7      | Reached skill level 5 in Shields
  7713 | D:7      | Reached skill level 5 in Unarmed Combat
  7713 | D:7      | Reached skill level 5 in Spellcasting
  7713 | D:7      | Reached skill level 5 in Evocations
  7713 | D:7      | Reached XP level 10. HP: 62/81 MP: 17/17
  7783 | D:7      | Noticed a cyclops
  7783 | D:7      | Noticed a brown ugly thing
  7816 | D:7      | Found a staircase to the Ecumenical Temple.
  7863 | D:7      | Reached **** piety under Cheibriados
  8439 | D:8      | Noticed Erica
  8454 | D:8      | Killed Erica
  8527 | D:8      | Found a flagged portal.
  8581 | Bailey   | Entered a bailey
  8676 | Bailey   | Identified the +2 battleaxe of the Ring {flame, Fly rC+
                  | Str+3 Int+2}
  8999 | D:8      | Reached ***** piety under Cheibriados
  9041 | D:8      | Noticed a deep elf pyromancer
  9258 | D:8      | Noticed a two-headed ogre
  9269 | D:8      | Killed a two-headed ogre
  9270 | D:8      | Reached skill level 6 in Maces & Flails
  9270 | D:8      | Reached skill level 5 in Conjurations
  9270 | D:8      | Reached skill level 5 in Hexes
  9270 | D:8      | Reached skill level 5 in Summonings
  9270 | D:8      | Reached skill level 5 in Necromancy
  9270 | D:8      | Reached skill level 5 in Translocations
  9270 | D:8      | Reached skill level 5 in Transmutations
  9270 | D:8      | Reached skill level 5 in Fire Magic
  9270 | D:8      | Reached skill level 5 in Ice Magic
  9270 | D:8      | Reached skill level 5 in Air Magic
  9270 | D:8      | Reached skill level 5 in Earth Magic
  9270 | D:8      | Reached skill level 5 in Poison Magic
  9270 | D:8      | Reached XP level 11. HP: 89/89 MP: 18/20
  9311 | D:8      | Noticed Gastronok
  9458 | D:6      | Bought a scroll of fog for 48 gold pieces
  9458 | D:6      | Bought a scroll of fog for 48 gold pieces
  9458 | D:6      | Bought a scroll of fog for 48 gold pieces
  9458 | D:6      | Bought a scroll of teleportation for 36 gold pieces
  9458 | D:6      | Bought a scroll of identify for 24 gold pieces
  9518 | D:7      | Killed croobank's ghost
  9763 | D:9      | Noticed a two-headed ogre
  9768 | D:9      | Killed a two-headed ogre
 10400 | D:10     | Entered Level 10 of the Dungeon
 10400 | D:10     | Found a shadowy altar of Dithmenos.
 10578 | D:10     | Found a staircase to the Lair.
 10679 | D:10     | Found a sparkling altar of Nemelex Xobeh.
 10709 | D:10     | Noticed a two-headed ogre
 10714 | D:10     | Killed a two-headed ogre
 10815 | D:10     | Reached skill level 7 in Maces & Flails
 11043 | D:10     | Reached XP level 12. HP: 93/97 MP: 14/22
 11315 | D:11     | Found a transporter.
 11698 | D:11     | Noticed a boulder beetle
 11702 | D:11     | Noticed a four-headed hydra
 11704 | D:11     | Noticed a four-headed hydra
 11705 | D:11     | Killed a boulder beetle
 11706 | D:11     | Reached skill level 10 in Fighting
 11706 | D:11     | Reached skill level 10 in Short Blades
 11706 | D:11     | Reached skill level 10 in Dodging
 11711 | D:11     | Killed a four-headed hydra
 11712 | D:11     | Killed a four-headed hydra
 11740 | D:11     | Identified the ring of Awiyx {Fire rPois Int+3 Dex+2}
 11916 | D:11     | a slime creature changed into a boulder beetle
 11916 | D:11     | Noticed a boulder beetle (shapeshifter)
 11930 | D:11     | Killed a boulder beetle
 12189 | D:11     | Reached skill level 8 in Maces & Flails
 12661 | D:7      | Reached XP level 13. HP: 104/104 MP: 25/25
 13003 | D:8      | Killed Gastronok
 13359 | D:11     | Noticed Sonja
 13361 | D:11     | Killed Sonja
 13440 | D:11     | Identified the +10 dire flail of the First Teeth {freeze,
                  | rPois Dex+3}
 13440 | D:11     | Noticed WaxSun's ghost (journeyman FoCK)
 13972 | D:11     | Found a staircase to the Orcish Mines.
 14759 | Lair:1   | Entered Level 1 of the Lair of Beasts
 14759 | Lair:1   | Noticed Xaytacwe's ghost (journeyman GnNe)
 14759 | Lair:1   | Found a transporter.
 14837 | Lair:1   | Reached skill level 9 in Maces & Flails
 14879 | Lair:1   | Reached ****** piety under Cheibriados
 14887 | Lair:1   | Found a transporter.
 15097 | Lair:1   | Noticed Prince Ribbit
 15099 | Lair:1   | Killed Prince Ribbit
 15318 | Lair:1   | Noticed Grum
 15328 | Lair:1   | Killed Grum
 15375 | Lair:1   | Reached XP level 14. HP: 113/113 MP: 27/27
 15378 | Lair:1   | Reached skill level 10 in Invocations
 15977 | Lair:2   | Found a staircase to the Snake Pit.
 16027 | Lair:2   | Learned a level 5 spell: Silence
 16718 | Lair:3   | Found a staircase to the Shoals.
 18190 | Lair:4   | Learned a level 3 spell: Mephitic Cloud
 18196 | Lair:4   | Learned a level 5 spell: Freezing Cloud
 18686 | Lair:4   | Learned a level 1 spell: Apportation
 18887 | Lair:5   | Entered Level 5 of the Lair of Beasts
 19216 | Lair:5   | Reached skill level 10 in Long Blades
 19216 | Lair:5   | Reached skill level 10 in Axes
 19216 | Lair:5   | Reached skill level 10 in Maces & Flails
 19216 | Lair:5   | Reached skill level 10 in Polearms
 19216 | Lair:5   | Reached skill level 10 in Staves
 19216 | Lair:5   | Reached skill level 10 in Ranged Weapons
 19216 | Lair:5   | Reached skill level 10 in Throwing
 19216 | Lair:5   | Reached skill level 10 in Armour
 19216 | Lair:5   | Reached skill level 10 in Stealth
 19216 | Lair:5   | Reached skill level 10 in Shields
 19216 | Lair:5   | Reached skill level 10 in Unarmed Combat
 19216 | Lair:5   | Reached skill level 10 in Spellcasting
 19216 | Lair:5   | Reached skill level 10 in Evocations
 19497 | Lair:5   | Reached XP level 15. HP: 120/120 MP: 21/29
 20546 | Lair:5   | Found a viscous altar of Jiyva.
 20546 | Lair:5   | Found a staircase to the Slime Pits.
 21012 | Lair:1   | Killed Xaytacwe's ghost
 21019 | Lair:1   | Identified the staff of air "Vyhaf" {Fly rElec Str-3 Dex+2}
 21114 | D:11     | Found a transporter.
 21134 | D:11     | Killed WaxSun's ghost
 21290 | D:12     | Noticed Fannar
 21316 | D:12     | Killed Fannar
 21678 | D:12     | Found a runed translucent gate.
 21678 | D:12     | Found a runed translucent gate.
 21678 | D:12     | Found a runed translucent gate.
 21679 | D:12     | Noticed Xrynn's ghost (journeyman SpEn)
 21679 | D:12     | Noticed middlethird's ghost (journeyman FoNe)
 21757 | D:12     | Found Zuasa's Overcharged Wands.
 21998 | D:12     | Noticed Urug
 22007 | D:12     | Killed Urug
 22738 | D:12     | Killed Xrynn's ghost
 22745 | D:12     | Killed middlethird's ghost
 23147 | D:13     | Found a gate to the Vaults.
 23295 | D:13     | Learned a level 5 spell: Fireball
 23302 | D:13     | Learned a level 6 spell: Plasma Beam
 24224 | D:14     | Identified Roxanne's Omnibus of Terra Firma
 24224 | D:14     | Noticed Roxanne
 24231 | D:14     | Reached XP level 16. HP: 102/129 MP: 23/30
 24423 | D:14     | Reached skill level 11 in Maces & Flails
 24805 | D:14     | Killed Roxanne
 24840 | D:15     | Entered Level 15 of the Dungeon
 25544 | D:15     | Noticed Josephine
 25549 | D:15     | Killed Josephine
 26009 | D:15     | Found a staircase to the Depths.
 26204 | Orc:1    | Entered Level 1 of the Orcish Mines
 27169 | Orc:2    | Entered Level 2 of the Orcish Mines
 27270 | Orc:2    | Found a staircase to the Elven Halls.
 27662 | Orc:2    | Found Tutit's Antique Armour Boutique.
 27689 | Orc:2    | Bought a pair of glowing boots for 217 gold pieces
 27694 | Orc:2    | Found Ruttuab's Antique Weapon Boutique.
 27713 | Orc:2    | Found Rifeg's Jewellery Shop.
 27735 | Orc:2    | Found Rutolos's Assorted Antiques.
 27745 | Orc:2    | Bought a diamond ring for 125 gold pieces
 27788 | Orc:2    | Found a gateway to a bazaar.
 27921 | Orc:2    | Found Gidgh's General Store.
 27949 | Orc:2    | Bought the +3 pair of boots of Ofoestrosh {Slay+5} for 522
                  | gold pieces
 27961 | Orc:2    | Bought a scroll of enchant weapon for 82 gold pieces
 27961 | Orc:2    | Bought a scroll of enchant armour for 82 gold pieces
 27961 | Orc:2    | Bought a potion of might for 44 gold pieces
 28347 | Shoals:1 | Entered Level 1 of the Shoals
 28357 | Shoals:1 | Noticed Mlioglotl
 28588 | Shoals:1 | Learned a level 4 spell: Dispel Undead
 28630 | Shoals:1 | Reached XP level 17. HP: 137/137 MP: 32/32
 28994 | Shoals:1 | Found a runed translucent gate.
 28996 | Shoals:1 | Found a runed translucent gate.
 28996 | Shoals:1 | Found a runed translucent gate.
 29148 | Shoals:1 | Killed Mlioglotl
 29149 | Shoals:1 | Reached skill level 10 in Conjurations
 29149 | Shoals:1 | Reached skill level 10 in Hexes
 29149 | Shoals:1 | Reached skill level 10 in Summonings
 29149 | Shoals:1 | Reached skill level 10 in Necromancy
 29149 | Shoals:1 | Reached skill level 10 in Translocations
 29149 | Shoals:1 | Reached skill level 10 in Transmutations
 29149 | Shoals:1 | Reached skill level 10 in Fire Magic
 29149 | Shoals:1 | Reached skill level 10 in Ice Magic
 29149 | Shoals:1 | Reached skill level 10 in Air Magic
 29149 | Shoals:1 | Reached skill level 10 in Earth Magic
 29149 | Shoals:1 | Reached skill level 10 in Poison Magic
 29307 | Shoals:1 | Noticed fearitself's ghost (adept MiBe)
 29997 | Shoals:2 | Noticed Jorgrun
 30051 | Shoals:1 | Killed Jorgrun
 30119 | Shoals:2 | Reached skill level 12 in Maces & Flails
 31218 | Shoals:2 | Noticed Polyphemus
 31232 | Shoals:2 | Killed Polyphemus
 31950 | Shoals:3 | Noticed a kraken
 31961 | Shoals:3 | Killed a kraken
 32344 | Shoals:4 | Entered Level 4 of the Shoals
 32536 | Shoals:4 | Identified the ring "Urriariph" {Wiz rF+ Dex+2}
 32548 | Shoals:4 | Found Hemiog's Armour Boutique.
 32837 | Shoals:4 | Bought +2 storm dragon scales for 1380 gold pieces
 33025 | Shoals:4 | Reached XP level 18. HP: 135/146 MP: 19/34
 33176 | Shoals:4 | Got a barnacled rune of Zot
 34131 | Shoals:1 | Killed fearitself's ghost
 34198 | Shoals:1 | Identified the +1 helmet of Xuts {rPois rC+ Will+}
 34316 | Snake:1  | Entered Level 1 of the Snake Pit
 34591 | Snake:1  | You fall into a shaft and drop 1 floor!
 34742 | Snake:2  | Reached skill level 13 in Maces & Flails
 35573 | Snake:2  | Found Zoajoam's Book Shop.
 35574 | Snake:2  | Found Batzitin's Jewellery Shoppe.
 35575 | Snake:2  | Found Foissum's Book Shop.
 35986 | Snake:1  | Found Voga's Magic Scroll Shoppe.
 35989 | Snake:1  | Bought a scroll of poison for 48 gold pieces
 35989 | Snake:1  | Bought a scroll of blinking for 90 gold pieces
 36143 | Snake:1  | Noticed Aizul
 36152 | Snake:1  | Reached XP level 19. HP: 148/153 MP: 26/36
 36158 | Snake:1  | Killed Aizul
 37586 | Snake:3  | Identified the +0 helmet of Pandemonium {Str+5 SInv}
 37968 | Snake:4  | Entered Level 4 of the Snake Pit
 38571 | Snake:4  | Identified the +6 battleaxe of the Priest {pain, Will+}
 38590 | Snake:4  | Reached skill level 15 in Fighting
 38590 | Snake:4  | Reached skill level 15 in Short Blades
 38590 | Snake:4  | Reached skill level 15 in Dodging
 39117 | Snake:4  | Reached skill level 15 in Invocations
 39218 | Snake:4  | Reached XP level 20. HP: 151/162 MP: 21/37
 39230 | Snake:4  | Got a serpentine rune of Zot
 39485 | Elf:1    | Entered Level 1 of the Elven Halls
 39501 | Elf:1    | Noticed Agnes
 39506 | Elf:1    | Killed Agnes
 39714 | Elf:1    | Reached skill level 14 in Maces & Flails
 40143 | Elf:1    | Got Beiblolo's Secrets of Open Graves
 40609 | Elf:2    | Identified the +2 leather armour "Howycru" {rElec rN+++
                  | Str+2 Stlth-}
 40859 | Elf:2    | Identified the +4 robe "Lesytygi" {-Cast rF++ rN+}
 40972 | Elf:2    | Found a runed translucent gate.
 40973 | Elf:2    | Found a runed translucent gate.
 40973 | Elf:2    | Found a runed translucent gate.
 41816 | Elf:3    | Entered Level 3 of the Elven Halls
 42268 | Elf:3    | Found Kozat's Distillery.
 42523 | Elf:3    | Reached XP level 21. HP: 124/170 MP: 5/39
 42803 | Elf:3    | Identified the amulet of Oxzoth {Acrobat Will++ rCorr Dex-5
                  | SInv}
 42852 | Elf:3    | Got the Grimoire of Changing Space
 42914 | Elf:3    | Identified the +9 executioner's axe "Hovvuqae" {venom,
                  | Will+ Dex+4 SInv}
 42967 | Elf:3    | Found the +3 pair of mountain boots {steadfast, rC+}
 43129 | Elf:3    | Identified the +4 plate armour of Ceelit {rF- Will+ Regen+}
 43139 | Elf:3    | Got the Quarto of Creative Conduction
 43188 | Elf:3    | Identified the staff of poison "Suemoruk" {rPois Str+2
                  | Int+3 Dex-5 SInv}
 43203 | Elf:3    | Got the Elucidation of Necrotic Composition
 43429 | Vaults:1 | Entered Level 1 of the Vaults
 43521 | Bazaar   | Entered a bazaar
 43527 | Bazaar   | Found Zoipieff's Magic Scroll Shop.
 43527 | Bazaar   | Found Kaonic's Jewellery Boutique.
 43537 | Bazaar   | Bought the ring "Hafierch" {rPois rC+ Str+4 Int-4 Dex+3}
                  | for 425 gold pieces
 43537 | Bazaar   | Bought the ring "Offoipo" {rF+ MP+9 Dex+3 Stlth+} for 431
                  | gold pieces
 43542 | Bazaar   | Bought a scroll of enchant armour for 82 gold pieces
 43542 | Bazaar   | Bought a scroll of enchant weapon for 82 gold pieces
 43542 | Bazaar   | Bought a scroll of blinking for 82 gold pieces
 43542 | Bazaar   | Bought a scroll of poison for 44 gold pieces
 43542 | Bazaar   | Bought a scroll of magic mapping for 82 gold pieces
 44302 | Vaults:1 | Found a runed translucent gate.
 44303 | Vaults:1 | Found a runed translucent gate.
 44304 | Vaults:1 | Found a runed translucent gate.
 44618 | Vaults:1 | Noticed Donald
 44631 | Vaults:1 | Killed Donald
 44805 | Vaults:1 | Reached skill level 15 in Long Blades
 44805 | Vaults:1 | Reached skill level 15 in Axes
 44805 | Vaults:1 | Reached skill level 15 in Maces & Flails
 44805 | Vaults:1 | Reached skill level 15 in Polearms
 44805 | Vaults:1 | Reached skill level 15 in Staves
 44805 | Vaults:1 | Reached skill level 15 in Ranged Weapons
 44805 | Vaults:1 | Reached skill level 15 in Throwing
 44805 | Vaults:1 | Reached skill level 15 in Armour
 44805 | Vaults:1 | Reached skill level 15 in Stealth
 44805 | Vaults:1 | Reached skill level 15 in Shields
 44805 | Vaults:1 | Reached skill level 15 in Unarmed Combat
 44805 | Vaults:1 | Reached skill level 15 in Spellcasting
 44805 | Vaults:1 | Reached skill level 15 in Evocations
 45038 | Vaults:1 | Noticed gummiwulf's ghost (journeyman HOBe)
 45065 | Vaults:1 | Killed gummiwulf's ghost
 45614 | Vaults:2 | Found a staircase to the Crypt.
 45838 | Vaults:2 | Reached XP level 22. HP: 103/179 MP: 32/41
 46767 | Vaults:2 | Found Zoanicw's Antique Armour Boutique.
 46771 | Vaults:2 | Identified a scroll of acquirement
 46776 | Vaults:2 | Bought the +3 pair of gauntlets of War {Slay+5} for 1662
                  | gold pieces
 46776 | Vaults:2 | Found the +3 pair of gauntlets of War {Slay+5}
 46906 | Vaults:3 | Noticed Nikola
 46915 | Vaults:3 | Killed Nikola
 46974 | Vaults:3 | Noticed Zenata
 46993 | Vaults:2 | Killed Zenata
 48174 | Vaults:3 | Noticed Jory
 48187 | Vaults:3 | Killed Jory
 48873 | Vaults:4 | Reached XP level 23. HP: 164/187 MP: 42/42
 49074 | Vaults:4 | Reached skill level 16 in Maces & Flails
 49091 | Vaults:4 | Identified the +1 ring mail of the Tundras {rElec}
 49255 | Vaults:4 | Identified the +1 robe of Suid {rC+}
 49294 | Vaults:4 | Found a runed translucent gate.
 49294 | Vaults:4 | Found a runed translucent gate.
 49294 | Vaults:4 | Found a runed translucent gate.
 49294 | Vaults:4 | Found an opulent altar of Gozag.
 49296 | Vaults:4 | Found Vushiegi's Assorted Antiques.
 49296 | Vaults:4 | Noticed Xafer's ghost (adept DsGl)
 49320 | Vaults:4 | Killed Xafer's ghost
 50346 | Snake:2  | Bought a book of the Earth for 612 gold pieces
 50352 | Snake:2  | Learned a level 5 spell: Lee's Rapid Deconstruction
 50655 | Crypt:1  | Entered Level 1 of the Crypt
 51776 | Crypt:2  | Noticed Sojobo
 51785 | Crypt:2  | Killed Sojobo
 52138 | Crypt:1  | Found a basalt altar of Yredelemnul.
 52454 | Crypt:3  | Entered Level 3 of the Crypt
 52525 | Crypt:2  | Reached XP level 24. HP: 186/197 MP: 22/43
 53300 | Crypt:3  | Noticed a dread lich
 53311 | Crypt:3  | Killed a dread lich
 54099 | Crypt:3  | Found a staircase to the Tomb.
 54253 | Crypt:3  | Identified the +8 scimitar "Wech" {heavy, Will++ Str+3
                  | Dex-2}
 54256 | Crypt:3  | Identified the ring "Jyust" {rElec rN+ Int+3 Stlth-}
 54256 | Crypt:3  | Identified the ring of Odghued {rN+ SInv}
 54276 | Crypt:3  | Identified the +7 quarterstaff "Ticyd" {flame, rPois}
 54576 | Depths:1 | Entered Level 1 of the Depths
 54591 | Depths:1 | Found a one-way gate to the infinite horrors of the Abyss.
 54593 | Depths:1 | Acquired 721 gold pieces
 54640 | Depths:1 | Found a transporter.
 54644 | Depths:1 | Identified the +8 dagger "Cyeli" {protect, Will+ Dex+2}
 54651 | Depths:1 | Found a transporter.
 54653 | Depths:1 | Found a transporter.
 54655 | Depths:1 | Found a transporter.
 54678 | Depths:1 | Found a gateway to Hell.
 54831 | Depths:1 | Found a transporter.
 54983 | Depths:1 | Found a transporter.
 54983 | Depths:1 | Noticed Ishowmeat's ghost (journeyman MiGl)
 54983 | Depths:1 | Noticed a dread lich
 55323 | Depths:1 | Reached skill level 17 in Maces & Flails
 55791 | Depths:2 | Found a one-way gate leading to the halls of Pandemonium.
 56445 | Depths:2 | Found Guufyc's Distillery.
 56453 | Depths:2 | Bought a potion of curing for 45 gold pieces
 56453 | Depths:2 | Bought a potion of curing for 45 gold pieces
 56453 | Depths:2 | Bought a potion of flight for 45 gold pieces
 56679 | Depths:3 | Noticed a caustic shrike
 56679 | Depths:3 | Noticed a caustic shrike
 56679 | Depths:3 | Noticed a caustic shrike
 56679 | Depths:3 | Noticed a caustic shrike
 56680 | Depths:3 | Noticed a caustic shrike
 56692 | Depths:3 | Killed a caustic shrike
 56693 | Depths:3 | Killed a caustic shrike
 56700 | Depths:3 | Killed a caustic shrike
 56700 | Depths:3 | Killed a caustic shrike
 56702 | Depths:3 | Killed a caustic shrike
 57104 | Depths:3 | Reached XP level 25. HP: 204/204 MP: 44/44
 57658 | Depths:3 | Noticed Margery
 57671 | Depths:3 | Killed Margery
 57838 | Depths:4 | Entered Level 4 of the Depths
 57845 | Depths:4 | Found a one-way gateway to a ziggurat.
 57892 | Depths:4 | Reached skill level 18 in Maces & Flails
 58272 | Depths:4 | Gained mutation: Armour fits poorly on your strangely
                  | shaped body. [a neqoxec]
 58410 | Depths:4 | Found Aseif's Magic Scroll Boutique.
 58413 | Depths:4 | Bought a scroll of poison for 80 gold pieces
 58413 | Depths:4 | Bought a scroll of fear for 80 gold pieces
 58413 | Depths:4 | Bought a scroll of teleportation for 60 gold pieces
 58413 | Depths:4 | Bought a scroll of fog for 80 gold pieces
 58413 | Depths:4 | Bought a scroll of teleportation for 60 gold pieces
 58901 | Depths:4 | Reached skill level 15 in Conjurations
 58901 | Depths:4 | Reached skill level 15 in Hexes
 58901 | Depths:4 | Reached skill level 15 in Summonings
 58901 | Depths:4 | Reached skill level 15 in Necromancy
 58901 | Depths:4 | Reached skill level 15 in Translocations
 58901 | Depths:4 | Reached skill level 15 in Transmutations
 58901 | Depths:4 | Reached skill level 15 in Fire Magic
 58901 | Depths:4 | Reached skill level 15 in Ice Magic
 58901 | Depths:4 | Reached skill level 15 in Air Magic
 58901 | Depths:4 | Reached skill level 15 in Earth Magic
 58901 | Depths:4 | Reached skill level 15 in Poison Magic
 59334 | Depths:4 | Found a gate to the Realm of Zot.
 59680 | Vaults:5 | Entered Level 5 of the Vaults
 59680 | Vaults:5 | Noticed Boris
 59717 | Vaults:4 | Killed Boris
 60055 | Vaults:5 | Noticed an ancient lich
 60074 | Vaults:4 | Killed an ancient lich
 60478 | Vaults:5 | Identified the +5 mace of Hubris {venom, MP+9 SInv}
 60492 | Vaults:4 | Reached XP level 26. HP: 186/213 MP: 44/44
 60653 | Vaults:4 | Reached skill level 19 in Maces & Flails
 61088 | Vaults:5 | Noticed an ancient lich
 61100 | Vaults:5 | Killed an ancient lich
 61388 | Vaults:5 | Identified the ring "Qedah" {Fire rPois Will+ MP+9}
 61487 | Vaults:5 | Identified the staff of fire "Goidufum" {rF+ Str+3}
 61562 | Vaults:5 | Identified the +2 spear of the Dark Horse {heavy, rF+ Str+3
                  | Int+2}
 61632 | Vaults:5 | Identified the +6 hand axe of Prudence {freeze, rPois MP-9
                  | Int+3 Dex+4}
 61680 | Vaults:5 | Noticed a dread lich
 61696 | Vaults:5 | Killed a dread lich
 62050 | Vaults:5 | Learned a level 2 spell: Blink
 62168 | Vaults:5 | Identified the +4 scale mail "Biyr" {-Tele rC+ rCorr}
 62173 | Vaults:5 | Got a silver rune of Zot
 62607 | Zot:1    | Entered Level 1 of the Realm of Zot
 62960 | D:5      | Bought 4 silver javelins for 396 gold pieces
 62960 | D:5      | Bought 6 javelins for 198 gold pieces
 63228 | Elf:3    | Bought a potion of curing for 48 gold pieces
 63228 | Elf:3    | Bought a potion of curing for 48 gold pieces
 63228 | Elf:3    | Bought a potion of curing for 48 gold pieces
 63228 | Elf:3    | Bought a potion of mutation for 128 gold pieces
 63228 | Elf:3    | Bought a potion of curing for 48 gold pieces
 63391 | D:12     | Bought a wand of digging (11) for 693 gold pieces
 63391 | D:12     | Bought a wand of quicksilver (18) for 1134 gold pieces
 64403 | Zot:1    | Reached skill level 20 in Maces & Flails
 64833 | Zot:2    | Reached XP level 27. HP: 222/222 MP: 45/45
 66144 | Zot:3    | Noticed Parghit
 66161 | Zot:3    | Killed Parghit
 68751 | Zot:5    | Entered Level 5 of the Realm of Zot
 68913 | Zot:5    | Noticed an orb of fire
 68938 | Zot:5    | Reached skill level 21 in Maces & Flails
 69311 | Zot:5    | Noticed an ancient lich
 69321 | Zot:5    | Killed an ancient lich
 69424 | Zot:5    | Noticed an orb of fire
 69433 | Zot:5    | Gained mutation: You are weak. (Str -2) [an orb of fire]
 69435 | Zot:5    | Gained mutation: You are dopey. (Int -2) [an orb of fire]
 69436 | Zot:5    | Killed an orb of fire
 69456 | Zot:5    | Noticed an orb of fire
 69476 | Zot:5    | Killed an orb of fire
 69507 | Zot:5    | Noticed an orb of fire
 69516 | Zot:5    | Gained mutation: You are very dopey. (Int -4) [an orb of
                  | fire]
 69517 | Zot:5    | Killed an orb of fire
 69573 | Zot:5    | Noticed an orb of fire
 69586 | Zot:5    | Gained mutation: Your magical capacity is low. (-10% MP)
                  | [an orb of fire]
 69589 | Zot:5    | Gained mutation: You occasionally lose the ability to drink
                  | potions when taking damage. [an orb of fire]
 69590 | Zot:5    | Killed an orb of fire
 69827 | Zot:5    | Noticed an ancient lich
 69839 | Zot:5    | Killed an ancient lich
 69884 | Zot:5    | Noticed an orb of fire
 69886 | Zot:5    | Gained mutation: Your magical capacity is very low. (-20%
                  | MP) [an orb of fire]
 69891 | Zot:5    | Gained mutation: You are very weak. (Str -4) [an orb of
                  | fire]
 69892 | Zot:5    | Gained mutation: Your body sometimes deteriorates upon
                  | taking damage. [an orb of fire]
 69895 | Zot:5    | Killed an orb of fire
 69953 | Zot:5    | Noticed a dread lich
 69961 | Zot:5    | Killed a dread lich
 70006 | Zot:5    | Noticed a dread lich
 70016 | Zot:5    | Killed a dread lich
 70229 | Zot:5    | Noticed an orb of fire
 70230 | Zot:5    | Gained mutation: You are clumsy. (Dex -2) [an orb of fire]
 70246 | Zot:5    | Killed an orb of fire
 70278 | Zot:5    | Lost mutation: You occasionally lose the ability to drink
                  | potions when taking damage. [potion of mutation]
 70278 | Zot:5    | Lost mutation: You are very weak. (Str -4) [potion of
                  | mutation]
 70278 | Zot:5    | Lost mutation: You are clumsy. (Dex -2) [potion of
                  | mutation]
 70279 | Zot:5    | Lost mutation: You are weak. (Str -2) [potion of mutation]
 70279 | Zot:5    | Lost mutation: Your body sometimes deteriorates upon taking
                  | damage. [potion of mutation]
 70279 | Zot:5    | Gained mutation: Your spells are a little easier to cast,
                  | but a little less powerful. [potion of mutation]
 70280 | Zot:5    | Lost mutation: Your magical capacity is very low. (-20% MP)
                  | [potion of mutation]
 70280 | Zot:5    | Lost mutation: You are very dopey. (Int -4) [potion of
                  | mutation]
 70280 | Zot:5    | Gained mutation: Your muscles are strong. (Str +4, Int/Dex
                  | -1) [potion of mutation]
 70280 | Zot:5    | Gained mutation: You have hidden genetic defects. [potion
                  | of mutation]
 70281 | Zot:5    | Lost mutation: You are dopey. (Int -2) [potion of mutation]
 70281 | Zot:5    | Lost mutation: Your muscles are strong. (Str +4, Int/Dex
                  | -1) [potion of mutation]
 70281 | Zot:5    | Gained mutation: You have a pair of small horns on your
                  | head. [potion of mutation]
 70281 | Zot:5    | Gained mutation: Your magical capacity is very low. (-20%
                  | MP) [potion of mutation]
 70282 | Zot:5    | Lost mutation: Your magical capacity is very low. (-20% MP)
                  | [potion of mutation]
 70282 | Zot:5    | Lost mutation: Your magical capacity is low. (-10% MP)
                  | [potion of mutation]
 70282 | Zot:5    | Gained mutation: You have a somewhat thin skeletal
                  | structure. (Dex +2, Stealth+) [potion of mutation]
 70282 | Zot:5    | Gained mutation: You have large cloven feet. [potion of
                  | mutation]
 70283 | Zot:5    | Lost mutation: Your spells are a little easier to cast, but
                  | a little less powerful. [potion of mutation]
 70283 | Zot:5    | Lost mutation: Armour fits poorly on your strangely shaped
                  | body. [potion of mutation]
 70284 | Zot:5    | Lost mutation: You have a pair of small horns on your head.
                  | [potion of mutation]
 70284 | Zot:5    | Lost mutation: You have a somewhat thin skeletal structure.
                  | (Dex +2, Stealth+) [potion of mutation]
 70284 | Zot:5    | Lost mutation: You have hidden genetic defects. [potion of
                  | mutation]
 70284 | Zot:5    | Gained mutation: Your spells are a little harder to cast,
                  | but a little more powerful. [potion of mutation]
 70284 | Zot:5    | Gained mutation: You occasionally lose the ability to read
                  | scrolls when taking damage. [potion of mutation]
 70284 | Zot:5    | Gained mutation: You have an increased reservoir of magic.
                  | (+10% MP) [potion of mutation]
 70367 | Zot:5    | Got the Orb of Zot
 70497 | Zot:1    | Noticed Naomip the pandemonium lord
 70516 | Zot:1    | Killed Naomip the pandemonium lord
 70735 | D:15     | Reached skill level 22 in Maces & Flails
 70846 | D:11     | Noticed Etreisaz the pandemonium lord
 71064 | D:$      | Escaped with the Orb!

Illustrated notes

Levels and vault maps discovered:
D:1:      wander_arrival_fairy_ring, layout_basic,
          hangedman_decor_diamond_cutter
D:2:      layout_basic, grunt_decor_mini_mirrors, minmay_goblin_kobold_house
D:3:      layout_loops_ring, makhleb_altar_promises_db,
          hellmonk_ecumenical_altar_zigzags
D:4:      layout_cave_pods, bloody_trog, gup_sewer_entry_bubbles
D:5:      layout_loops_corners, old_standard_altar,
          nicolae_overflow_hidden_temple, overflow_temple_1_default,
          minmay_stone_trees_medium, nicolae_shop_firing_range, uniq_eustachio,
          uniq_blork_the_orc, uniq_ijyb
D:6:      layout_gridville, elyvilon_altar_4, tgw_kikubaaqudgha, serial_shops,
          shop, uniq_duvessa, uniq_pikel, uniq_grinder
D:7:      layout_basic, minmay_temple_entry_slanted, gammafunk_ghost_arena,
          minmay_shattered_shrine
D:8:      nzn_winding_woodlands_three_and_one [nzn_winding_woodlands_5x15_cabin,
          nzn_winding_woodlands_5x15_pathside_ponds,
          nzn_winding_woodlands_5x15_longhouse,
          nzn_winding_woodlands_center_pierced_h], layout_rooms, enter_bailey_7,
          kennysheep_generic_room_9, uniq_erica, uniq_gastronok
D:9:      layout_roguey, moated_statue, minmay_misc_feat_columns
D:10:     layout_irregular_city, mainiacjoe_overflow_tiny_flanked,
          grunt_dithmenos_smoke_and_mirrors, hellmonk_lair_entry_icy
D:11:     minmay_the_grid_square_5x5_4x4_mashed
          [minmay_the_grid_square_5x5_eight_small,
          minmay_the_grid_square_5x5_inset, minmay_the_grid_square_5x5_shuriken,
          minmay_the_grid_square_5x5_meh, minmay_the_grid_square_5x5_c,
          minmay_the_grid_square_5x5_prize_rear_guard,
          minmay_the_grid_square_5x5_prize_gold,
          minmay_the_grid_square_5x5_spiral_small,
          minmay_the_grid_square_5x5_n_small,
          minmay_the_grid_square_5x5_prize_itemx,
          minmay_the_grid_square_5x5_prize_waves,
          minmay_the_grid_square_5x5_moneybag,
          minmay_the_grid_square_5x5_hourglass,
          minmay_the_grid_square_5x5_inverted_slash,
          minmay_the_grid_square_5x5_misaligned,
          minmay_the_grid_square_5x5_six_small], layout_stronghold,
          serial_undead, serial_undead_c, serial_undead_d, serial_undead_b,
          serial_undead_f, gammafunk_ghost_smash, uniq_sonja
D:12:     layout_basic, gammafunk_ghost_cemetery,
          nicolae_shop_overcharged_wands, uniq_fannar, uniq_urug
D:13:     layout_loops_corners, david_vaults_2
D:14:     layout_big_octagon, hangedman_abyss_or_decor_passed, uniq_roxanne
D:15:     gammafunk_enter_depths_forms, layout_basic, nicolae_lava_and_water,
          uniq_josephine
Lair:1:   layout_hall_layers, gammafunk_ghost_arena, lemuel_fruit_tree,
          uniq_grum, uniq_prince_ribbit2
Lair:2:   layout_cave_shapes, guppyfry_snake_entry_island,
          infiniplex_staircase_pool_2
Lair:3:   layout_gridlike, minmay_shoals_entry_beasts, special_room
          [special_room_bee], grunt_megastairs_1
Lair:4:   layout_cave_pods, st_stairs_6
Lair:5:   minmay_lair_end_enchanted_forest, layout_long_grid,
          dpeg_slime_entry_enclosed
Shoals:1: layout_shoals, gammafunk_ghost_tricky_traps,
          nicolae_shoals_hidden_pirate_stash, uniq_mlioglotl
Shoals:2: layout_shoals, uniq_polyphemus, uniq_jorgrun
Shoals:3: layout_shoals
Shoals:4: shoals_end_simple, layout_shoals, serial_shops, shop,
          nicolae_shoals_shepherds
Snake:1:  layout_honeycomb, serial_shops, nicolae_shop_rolled_up,
          minmay_snake_pond, serial_bayou_shore_b, uniq_aizul
Snake:2:  layout_chambers, minmay_shop_grove
Snake:3:  layout_basic
Snake:4:  grunt_snake_rune_spirals, layout_onion
Orc:1:    layout_caves, mines3_lemuel
Orc:2:    grunt_orc_gardens, layout_caves, grunt_orc_garden, grunt_orc_garden,
          grunt_orc_garden, grunt_orc_garden, serial_shops, bzr_entry_water,
          shop, david_defended_altar_orc
Elf:1:    layout_gridlike, minmay_elf_necromancy, nicolae_elf_archery_training,
          uniq_agnes
Elf:2:    nicolae_elf_blades_crystal_corner, layout_gridlike
Elf:3:    minmay_elf_hall, layout_loops_corners, serial_shops, shop,
          minmay_misc_feat_diagonals
Vaults:1: gammafunk_ghost_spectres, nicolae_vaults_sightless_eye,
          nicolae_vaults_storage_room_water, vaults_mumra_minichess_inversion,
          nicolae_vaults_variable_pillar_hall, v_misc_16, v_alt_pattern_1,
          dpeg_vaults_monster_box, vaults_room_pool, layout_vaults_omnigrid,
          uniq_donald
Vaults:2: dpeg_vaults_pockets_of_resistance, nicolae_vaults_hexular_roomagon,
          vaults_standard_mumra_x, v_misc_17, nicolae_vaults_six-pack,
          nicolae_vaults_apartment_2, nicolae_vaults_sealed_display,
          hangedman_vaults_restitches, v_misc_14, hangedman_vaults_stagger,
          vaults_dpeg_doors, vaults_room_boxed, nicolae_vaults_apartment_2,
          v_misc_17, minmay_crypt_entry_skeletal_spiral,
          nicolae_vaults_little_squares_4, nicolae_vaults_house_2,
          layout_vaults_omnibox, serial_shops, shop
Vaults:3: nicolae_vaults_ring_of_whatevers, vaults_dpeg_spiral,
          grunt_vaults_hallway_long, nicolae_vaults_offset_grid_hallway_4,
          v_rooms_3, nicolae_vaults_trapezoid_3, vaults_room_pools,
          nicolae_vaults_trapezoid_1, nicolae_vaults_storage_closets_1,
          nicolae_vaults_trapezoid_lopsided_3, layout_vaults_chaotic_city,
          uniq_zenata, uniq_nikola, uniq_jory
Vaults:4: ebering_ghost_gozag, nicolae_vaults_surprise_closet_hard,
          nicolae_vaults_storage_closets_3, nicolae_vaults_closet_pinwheel_4,
          nicolae_vaults_surprise_closet, nicolae_vaults_network_quinsquares
          [nicolae_vaults_network_quincunx_subvault,
          nicolae_vaults_network_quincunx_subvault,
          nicolae_vaults_network_quincunx_subvault,
          nicolae_vaults_network_quincunx_subvault],
          nicolae_vaults_disjoint_gnomons, ontoclasm_vaults_ring_square,
          v_misc_13, nicolae_vaults_little_squares_3,
          nicolae_vaults_closet_pinwheel_2, nicolae_vaults_angled_halls,
          layout_vaults_omnicross
Vaults:5: uniq_boris
Crypt:1:  layout_rooms, tombwall_bobbens, lemuel_upstairs_altar
Crypt:2:  layout_regular_city, grunt_ministairs_9, uniq_sojobo
Crypt:3:  due_elkab, layout_chaotic_city, tomb_entry_forgotten_bobbens
Depths:1: layout_basic, hell_entry, abyss_entry, gammafunk_ghost_mausoleum,
          kennysheep_nondescript, corexii_corridor_pit,
          amcnicky_mini_rare_corridor_liquid, hex_tiny,
          minmay_gold_behind_fungi, nicolae_diode_intersection
Depths:2: kennysheep_water_balloons, layout_twisted_cross, pan_entry,
          hell_entry, serial_shops, shop, grunt_megastairs_4,
          infiniplex_staircase_pillars_2
Depths:3: cheibrodos_lost_city_excavation, layout_gridville,
          minmay_room_of_horrors, hell_entry, serial_rivers,
          chequers_serial_rivers_marsh, chequers_serial_rivers_micro_e,
          chequers_serial_rivers_room_a, chequers_serial_rivers_small_a,
          chequers_serial_rivers_micro_d, chequers_serial_rivers_micro_b,
          minmay_misc_feat_plants, uniq_margery
Depths:4: grunt_zot_entry_pinwheel, layout_basic, enter_ziggurat_b,
          serial_shops, shop, minmay_hedge_maze, hell_entry,
          grunt_pan_entry_zigzag, minmay_fractal_squares_diagonal_5,
          serial_bayou_shore_b
Zot:1:    layout_gridlike, grunt_megastairs_5
Zot:2:    layout_misc_corridors, lemuel_baited_zot_trap
Zot:3:    layout_twisted_circle, uniq_parghit
Zot:4:    layout_onion_interference, hangedman_zot_decor_unnerving_road,
          grunt_ministairs_1
Zot:5:    layout_basic, nrook_zot_tub

Skill      XL: |  1  2  3  4  5  6  7  8  9 10 11 12 13 14 15 16 17 18 19 20 21 22 23 24 25 26 27 |
---------------+----------------------------------------------------------------------------------+-----
Invocations    | 1 2 3 4 5 6 7 8 9 10 11 12 13 14 15 16 17 18 19 20 21 | 21.2
Long Blades    | 1 2 3 4 5 6 7 8 9 10 11 12 13 14 15 16 17 18 19 | 19.7
Axes           | 1 2 3 4 5 6 7 8 9 10 11 12 13 14 15 16 17 18 19 | 19.7
Maces & Flails | 1 2 3 4 5 6 7 8 9 10 11 12 13 14 15 16 17 18 20 22 | 22.0
Polearms       | 1 2 3 4 5 6 7 8 9 10 11 12 13 14 15 16 17 18 19 | 19.7
Staves         | 1 2 3 4 5 6 7 8 9 10 11 12 13 14 15 16 17 18 19 | 19.7
Ranged Weapons | 1 2 3 4 5 6 7 8 9 10 11 12 13 14 15 16 17 18 19 | 19.7
Throwing       | 1 2 3 4 5 6 7 8 9 10 11 12 13 14 15 16 17 18 19 | 19.7
Armour         | 1 2 3 4 5 6 7 8 9 10 11 12 13 14 15 16 17 18 19 | 19.7
Stealth        | 1 2 3 4 5 6 7 8 9 10 11 12 13 14 15 16 17 18 19 | 19.7
Shields        | 1 2 3 4 5 6 7 8 9 10 11 12 13 14 15 16 17 18 19 | 19.7
Unarmed Combat | 1 2 3 4 5 6 7 8 9 10 11 12 13 14 15 16 17 18 19 | 19.7
Spellcasting   | 1 2 3 4 5 6 7 8 9 10 11 12 13 14 15 16 17 18 19 | 19.7
Evocations     | 1 2 3 4 5 6 7 8 9 10 11 12 13 14 15 16 17 18 19 | 19.7
Conjurations   | 1 2 3 4 5 6 7 8 9 10 11 12 13 14 15 16 | 16.8
Hexes          | 1 2 3 4 5 6 7 8 9 10 11 12 13 14 15 16 | 16.8
Summonings     | 1 2 3 4 5 6 7 8 9 10 11 12 13 14 15 16 | 16.8
Necromancy     | 1 2 3 4 5 6 7 8 9 10 11 12 13 14 15 16 | 16.8
Translocations | 1 2 3 4 5 6 7 8 9 10 11 12 13 14 15 16 | 16.8
Transmutations | 1 2 3 4 5 6 7 8 9 10 11 12 13 14 15 16 | 16.8
Fire Magic     | 1 2 3 4 5 6 7 8 9 10 11 12 13 14 15 16 | 16.8
Ice Magic      | 1 2 3 4 5 6 7 8 9 10 11 12 13 14 15 16 | 16.8
Air Magic      | 1 2 3 4 5 6 7 8 9 10 11 12 13 14 15 16 | 16.8
Earth Magic    | 1 2 3 4 5 6 7 8 9 10 11 12 13 14 15 16 | 16.8
Poison Magic   | 1 2 3 4 5 6 7 8 9 10 11 12 13 14 15 16 | 16.8
Fighting       | 7 8 9 10 11 12 13 14 15 16 17 18 19 20 | 20.5
Short Blades   | 7 8 9 10 11 12 13 14 15 16 17 18 19 20 | 20.5
Dodging        | 7 8 9 10 11 12 13 14 15 16 17 18 19 20 | 20.5

Action                     |  1- 3 |  4- 6 |  7- 9 | 10-12 | 13-15 | 16-18 | 19-21 | 22-24 | 25-27 || total
---------------------------+-------+-------+-------+-------+-------+-------+-------+-------+-------++-------
  Melee: Short sword       |    38 |       |   136 |   178 |       |       |       |       |       ||   352
         Bite              |    11 |    45 |    48 |    98 |   130 |    99 |   150 |   290 |   299 ||  1170
         Dagger            |    43 |   293 |   172 |       |       |       |       |       |       ||   508
         War axe           |       |       |    20 |   327 |   706 |   136 |       |       |       ||  1189
         Rapier            |       |       |    12 |       |       |       |       |       |       ||    12
         Hand axe          |       |       |       |       |     6 |       |       |       |       ||     6
         Broad axe         |       |       |       |       |       |   551 |   795 |  1375 |  1354 ||  4075
  Throw: Dart              |       |     5 |    14 |     2 |    19 |     1 |       |     2 |       ||    43
         Throwing net      |       |       |     8 |       |       |       |       |       |     2 ||    10
         Javelin           |       |       |     2 |       |     1 |       |     6 |     7 |    55 ||    71
         Boomerang         |       |       |       |    56 |   145 |   178 |   153 |    45 |   227 ||   804
   Cast: Stone Arrow       |       |       |       |    39 |   190 |   100 |    23 |     1 |     2 ||   355
         Freezing Cloud    |       |       |       |       |     3 |    50 |    65 |    10 |     6 ||   134
         Mephitic Cloud    |       |       |       |       |     3 |     2 |       |       |       ||     5
         Fireball          |       |       |       |       |     1 |    23 |    19 |     5 |     4 ||    52
         Silence           |       |       |       |       |     1 |     6 |     1 |    19 |    14 ||    41
         Dispel Undead     |       |       |       |       |       |     5 |     2 |     7 |       ||    14
         Plasma Beam       |       |       |       |       |       |       |     1 |       |     7 ||     8
         Lee's Rapid Decon |       |       |       |       |       |       |       |    18 |       ||    18
         Apportation       |       |       |       |       |       |       |       |       |     5 ||     5
 Invoke: Slouch            |       |       |       |     6 |     3 |     6 |     6 |     2 |       ||    23
         Temporal Distorti |       |       |       |       |     2 |     2 |       |     4 |     8 ||    16
         Bend Time         |       |       |       |       |       |       |       |     2 |     1 ||     3
  Evoke: Wand              |       |       |       |     9 |     1 |       |       |     2 |       ||    12
         Condenser vane    |       |       |       |       |     1 |       |       |     1 |       ||     2
         Box of beasts     |       |       |       |       |       |       |       |     1 |     1 ||     2
         Phantom mirror    |       |       |       |       |       |       |       |     1 |     1 ||     2
    Use: Scroll            |     3 |     6 |     3 |    13 |     5 |    16 |     4 |     5 |    17 ||    72
         Potion            |       |     1 |       |     4 |     1 |     2 |     2 |       |     8 ||    18
   Stab: Held in net/web   |       |       |     6 |       |       |       |       |       |     5 ||    11
         Invisible         |       |       |     3 |    10 |       |       |       |       |       ||    13
         Sleeping          |       |       |     3 |     9 |    18 |    13 |    13 |    20 |    19 ||    95
         Distracted        |       |       |       |     1 |     1 |     1 |     1 |    13 |    10 ||    27
         Paralysed         |       |       |       |     7 |       |       |       |       |       ||     7
         Confused          |       |       |       |       |     3 |     5 |       |       |     1 ||     9
 Armour: Robe              |     4 |     1 |       |       |       |       |       |       |       ||     5
         Ring mail         |       |    45 |    23 |       |       |       |       |       |       ||    68
         Leather armour    |       |       |    51 |    92 |   105 |    27 |       |       |       ||   275
         Chain mail        |       |       |       |       |       |    72 |       |       |       ||    72
         Storm dragon scal |       |       |       |       |       |    71 |   198 |   340 |   376 ||   985
  Dodge: Dodged            |    30 |    98 |   180 |   462 |   735 |   740 |   539 |   943 |  1076 ||  4803
  Block: Buckler           |       |       |    43 |   196 |   369 |       |       |       |       ||   608
         Kite shield       |       |       |       |       |    39 |   808 |   648 |  1238 |  1412 ||  4145
